 Dungeon Crawl Stone Soup version 0.29.1-2-gbd0b4ee654 (webtiles) character file.

Game seed: 12941517116484319047

128 wingedge the Trooper (level 4, -2/41 HPs)
             Began as a Demigod Fighter on Oct 26, 2022.
             Slain by a gnoll
             ... wielding a +0 club
              (5 damage)
             ... on level 3 of the Dungeon.
             The game lasted 00:08:11 (2791 turns).

wingedge the Trooper (Demigod Fighter)              Turns: 2791, Time: 00:08:11

Health: -2/41      AC:  9    Str: 17    XL:     4   Next: 57%
Magic:  0/8        EV:  6    Int: 14    God:
Gold:   89         SH:  4    Dex: 13    Spells: 5/5 levels left

rFire   . . .      SeeInvis .   a - +1 dagger (venom)
rCold   . . .      Faith    .   c - +0 buckler
rNeg    . . .      Spirit   +   q - +0 chain mail
rPois   .          Reflect  .   (no helmet)
rElec   .          Harm     .   (no cloak)
rCorr   .          Rampage  .   (no gloves)
Will    .....                   (no boots)
Stlth   ..........              e - amulet of guardian spirit
HPRegen 0.13/turn               (no ring)
MPRegen 0.11/turn               (no ring)

@: brilliant
A: high MP 1, forlorn, divine attributes
a: no special abilities


You were on level 3 of the Dungeon.
You visited 1 branch of the dungeon, and saw 3 of its levels.

You collected 89 gold pieces.

Inventory:

Hand Weapons
 a - a +1 dagger of venom (weapon)
 b - a +0 flail
Armour
 c - a +0 buckler (worn)
 m - a +0 scale mail
 q - a +0 chain mail (worn)
Jewellery
 e - an amulet of guardian spirit (around neck)
Scrolls
 g - 2 scrolls of identify
 h - a scroll of teleportation {unknown}
 j - a scroll of fear {unknown}
 k - 3 scrolls of fog
 l - 2 scrolls of enchant weapon {unknown}
 o - 2 scrolls of magic mapping
Potions
 d - a potion of might
 f - 4 potions of flight
 n - a potion of curing {unknown}
 p - a potion of haste {unknown}


   Skills:
 + Level 4.5 Fighting
 - Level 2.0 Maces & Flails
 - Level 3.0 Armour
 - Level 3.0 Shields
 - Level 1.0 Spellcasting


You had 5 spell levels left.
You didn't know any spells.
Your spell library contained the following spells:

 Spells                   Type           Power      Damage    Failure   Level
 Static Discharge         Conj/Air       1%         3-4/arc   100%        2
 Lightning Bolt           Conj/Air       0%         1d11      100%        5
 Maxwell's Capacitive Co  Air            0%         ∞         100%        8


Dungeon Overview and Level Annotations

Branches:
Dungeon (3/15)

Portals:
Sewer: D:3


Innate Abilities, Weirdness & Mutations

You have an increased reservoir of magic. (+10% MP)
You shall have no god before yourself.
Your divine heritage dramatically boosts your attributes as you level up.


Message History

The quokka bites you but does no damage.
The gnoll hits you but does no damage.
The giant cockroach bites you but does no damage.
The gnoll hits you from afar with a +0 halberd.
* * * LOW HITPOINT WARNING * * *
You hit the quokka but do no damage.
The quokka is poisoned.
The quokka completely misses you.
The giant cockroach bites you but does no damage.
You block the gnoll's attack. The gnoll closely misses you.
The quokka bites you.
* * * LOW HITPOINT WARNING * * *
The giant cockroach splashes around in the water.
You miss the quokka.
You float gracefully downwards.
Splash!
You fall into the shallow water.
Moving in this stuff is going to be slow.
You hear a shout!
The gnoll splashes around in the water.
The quokka bites you but does no damage.
You block the gnoll's attack.
The giant cockroach bites you but does no damage.
You hit the quokka.
The quokka looks as sick as possible!
The quokka is almost dead.
You kill the quokka!
An orc comes into view. It is wielding a +0 mace.
The gnoll splashes around in the water.
The giant cockroach bites you.
The gnoll hits you from afar with a +0 halberd!
* * * LOW HITPOINT WARNING * * *
The gnoll completely misses you.
A quokka comes into view.
Found a glowing drain.
The giant cockroach bites you but does no damage.
The giant cockroach splashes around in the water.
A quokka comes into view.
The giant cockroach closely misses you.
It was a potion of brilliance.
You feel clever all of a sudden.
The giant cockroach bites you but does no damage.
The gnoll barely misses you. The gnoll hits you with a +0 club.
You die...

*,,,*,* #....#..,,*
*,,,******####.###*,*
**,~,~,~,~~~*#.#,,*,*
**~~~~~~~~~,#.#,,*,*
***######.,#.#,,,,,
##≈≈≈≈≈≈.,#.#,,,,,
##~r~.∩r~~*#.#,,,,,
#..≈≈≈≈≈≈#*#.#,,,,.
#.@#########.#,,...
#gB≈≈≈≈≈≈~~#.#.....
##~gg~o!w~~~.......
########~~..##....
*,**,#.#####*,...
*,**,#.** *,*.#
*,**,..,*****,*,#
*,**##.,*,,,,,*,* *,*
#.,*,*****,*


You could see 3 gnolls, a dart slug, an orc, 2 quokkas and a giant cockroach.

Vanquished Creatures
  A gnoll (D:3)
  6 adders
  A worm (D:2)
  A dart slug (D:2)
  6 ball pythons
  6 bats
  9 endoplasms
  A giant cockroach (D:1)
  2 goblins
  7 hobgoblins
  8 kobolds
  3 quokkas (D:3)
  4 frilled lizards
  2 rats
  A spectral hobgoblin (D:1)
58 creatures vanquished.

Notes
Turn   | Place    | Note
-------+----------+-------------------------------------------
     0 | D:1      | wingedge the Demigod Fighter began the quest for the Orb.
     0 | D:1      | Reached XP level 1. HP: 18/18 MP: 3/3
   194 | D:1      | Reached skill level 1 in Spellcasting
   259 | D:1      | Reached skill level 3 in Fighting
   351 | D:1      | Reached XP level 2. HP: 20/26 MP: 3/5
   673 | D:1      | HP: 1/26 [poisoned by a kobold]
  1607 | D:2      | Reached XP level 3. HP: 29/31 MP: 6/6
  2663 | D:3      | Reached XP level 4. HP: 40/40 MP: 8/8
  2678 | D:3      | Reached skill level 4 in Fighting
  2789 | D:3      | Found a glowing drain.
  2791 | D:3      | Slain by a gnoll

Illustrated notes

Levels and vault maps discovered:
D:1:      mushboom_english_gardens, layout_basic,
          dreamdust_ecumenical_altar_drowned_temple, minmay_tromino_v2
D:2:      layout_loops_corners
D:3:      layout_basic, gup_sewer_entry_pipe, minmay_misc_feat_rows

Skill      XL: |  1  2  3  4 |
---------------+-------------+-----
Spellcasting   | 1 |  1.0
Fighting       | 3 4 |  4.5
Maces & Flails | 2 |  2.0
Armour         | 3 |  3.0
Shields        | 3 |  3.0

Action                   |  1- 3 |  4- 6 || total
-------------------------+-------+-------++-------
Melee: Flail             |    61 |       ||    61
       Dagger            |    88 |    43 ||   131
  Use: Scroll            |       |     3 ||     3
       Potion            |       |     2 ||     2
Armor: Scale mail        |    53 |       ||    53
       Chain mail        |     1 |    30 ||    31
Dodge: Dodged            |    58 |    18 ||    76
Block: Buckler           |    30 |    10 ||    40
